 Dungeon Crawl Stone Soup version 0.18.1-48-g4cf74bf (webtiles) character file.

11520 nikopol the Fighter (level 11, -3/101 (102) HPs)
             Began as a Minotaur Berserker on July 13, 2016.
             Was a High Priest of Trog.
             Slain by tyranidshit's ghost (10 damage)
             ... on level 12 of the Dungeon.
             The game lasted 00:30:25 (10261 turns).

nikopol the Fighter (Minotaur Berserker)           Turns: 10261, Time: 00:30:26

HP:   -3/101 (102)  AC: 13    Str: 21    XL:     11   Next: 50%
MP:   10/10         EV: 15    Int:  4    God:    Trog [*****.]
Gold: 630           SH:  0    Dex: 19    Spells: 0 memorised, 10 levels left

rFire  . . .     SeeInvis .     x - +1 trident (freeze) (curse)
rCold  . . .     Gourm    .     h - +0 scale mail
rNeg   . . .     Faith    +     (no shield)
rPois  .         Spirit   .     (helmet restricted)
rElec  .         Dismiss  .     D - +0 cloak
rCorr  .         Reflect  .     y - +0 pair of gloves
SustAt .         Harm     .     k - +0 pair of boots
MR     .....                    t - amulet of faith
Stlth  ..........               V - +1 ring of protection
                                F - +5 ring of dexterity

@: exhausted, slowed, heavily drained, very slow, not resistant to hostile
enchantments, extremely unstealthy
A: retaliatory headbutt, horns 2
a: Berserk, Trog's Hand, Brothers in Arms, Burn Spellbooks, Renounce Religion


You were on level 12 of the Dungeon.
You worshipped Trog.
Trog was extremely pleased with you.
You were very hungry.

You visited 1 branch of the dungeon, and saw 12 of its levels.

You collected 630 gold pieces.

Inventory:

Hand Weapons
 a - a +3 glaive of protection
 x - a cursed +1 trident of freezing (weapon)
 S - a +1 glaive of venom
 U - a +2 spear of freezing
Missiles
 p - 106 arrows (quivered)
Armour
 h - a +0 scale mail (worn)
 k - a +0 pair of boots (worn)
 y - a +0 pair of gloves (worn)
 D - a +0 cloak (worn)
Jewellery
 t - an amulet of faith (around neck)
 F - a +5 ring of dexterity (left hand)
 V - a +1 ring of protection (right hand)
Wands
 i - a wand of paralysis (10/24)
 u - a wand of acid (6/15)
 w - a wand of flame (20/48)
 K - a wand of lightning (6/15)
 M - a wand of teleportation (4/9)
 P - a wand of iceblast (2/15)
Scrolls
 l - 3 scrolls of enchant weapon {unknown}
 n - 4 scrolls of remove curse
 o - a scroll of blinking {unknown}
 s - 6 scrolls of enchant armour {unknown}
 v - 3 scrolls of recharging {unknown}
 z - 3 scrolls of immolation {unknown}
 B - 6 scrolls of identify
 C - 3 scrolls of fear {unknown}
 H - a scroll of amnesia {unknown}
 J - 2 scrolls of summoning {unknown}
 Q - a scroll of teleportation
Potions
 d - a potion of haste {unknown}
 e - 2 potions of ambrosia {unknown}
 g - 2 potions of heal wounds
 j - 5 potions of curing
 m - 3 potions of lignification {unknown}
 A - 2 potions of mutation {unknown}
 E - a potion of resistance {unknown}
 G - a potion of might {unknown}
 L - a potion of invisibility {unknown}
 T - a potion of degeneration {unknown}
Books
 b - a book of Battle

   Spells                             Type                      Level
   a - Infusion                       Charms                       1
   b - Shroud of Golubria             Charms/Translocation         2
   c - Song of Slaying                Charms                       2
   d - Spectral Weapon                Hexes/Charms                 3
   e - Regeneration                   Charms/Necromancy            3
   Trog disapproves of the use of such an item.
 N - a book of the Sky

   Spells                             Type                      Level
   a - Summon Lightning Spire         Summoning/Air                4
   b - Airstrike                      Air                          4
   c - Silence                        Hexes/Air                    5
   d - Deflect Missiles               Charms/Air                   6
   e - Conjure Ball Lightning         Conjuration/Air              6
   f - Tornado                        Air                          9
   Trog disapproves of the use of such an item.
 O - a book of the Sky

   Spells                             Type                      Level
   a - Summon Lightning Spire         Summoning/Air                4
   b - Airstrike                      Air                          4
   c - Silence                        Hexes/Air                    5
   d - Deflect Missiles               Charms/Air                   6
   e - Conjure Ball Lightning         Conjuration/Air              6
   f - Tornado                        Air                          9
   Trog disapproves of the use of such an item.
Comestibles
 c - 2 bread rations
 f - 9 royal jellies
 q - 3 beef jerkies
 r - 7 meat rations
 I - 3 fruits
 R - 4 chunks of flesh


   Skills:
 + Level 11.5(8.4) Fighting
 + Level 11.5(8.5) Polearms
 + Level 10.8(7.8) Armour
 + Level 10.4(7.5) Dodging


You had 10 spell levels left.
You didn't know any spells.

Dungeon Overview and Level Annotations

Branches:
Dungeon (12/15)            Temple (0/1) D:6            Lair (0/8) D:11
    Orc: D:9-12

Altars:
Cheibriados
Fedhas
Gozag
Makhleb
Nemelex Xobeh
Qazlal
Ru
Trog
Xom
Zin

Shops:
D:4 *:

Annotations:
D:12 tyranidshit's ghost, journeyman DDNe


Innate Abilities, Weirdness & Mutations

You reflexively headbutt those who attack you in melee.
You have a pair of horns on your head.


Message History

Tyranidshit's ghost draws life force from you and is healed!
You hit tyranidshit's ghost. You freeze tyranidshit's ghost.
You headbutt tyranidshit's ghost, but do no damage.
Tyranidshit's ghost is severely damaged.
Tyranidshit's ghost hits you but does no damage.
You feel drained.
You closely miss tyranidshit's ghost.
Your headbutt misses tyranidshit's ghost.
Tyranidshit's ghost is severely damaged.
Tyranidshit's ghost is infused with unholy energy.
* * * LOW HITPOINT WARNING * * *
Tyranidshit's ghost draws life force from you and is healed!
Tyranidshit's ghost is infused with unholy energy.
* * * LOW HITPOINT WARNING * * *
Tyranidshit's ghost draws life force from you and is healed!
Your scale mail prevents you from hitting tyranidshit's ghost.
You headbutt tyranidshit's ghost, but do no damage.
Tyranidshit's ghost is heavily damaged.
Tyranidshit's ghost hits you!
You die...

## .## #############
..#######...........#
...........####.###.#
..########.#
#.###.###
...#######.#
#.#.....#
...........#
#.#†.)..#
...#########
#.@W....# .###
###.....# .######
....!# ......# .#.###
.####.# .#... .# .#
### .# .# .# .# .#


You could see tyranidshit's ghost.

Vanquished Creatures
  Snorg (D:11)
  A hill giant (D:11)
  A manticore (D:12)
  The ghost of nikopol the Poker, a novice MiBe of Trog (D:5)
  A queen bee (D:10)
  3 trolls
  A two-headed ogre (D:10)
  7 yaks
  A wyvern (D:9)
  A hungry ghost (D:8)
  2 water moccasins
  7 ice beasts
  4 orc warriors
  A sky beast (D:6)
  A black bear (D:9)
  A wasp (D:6)
  A phantom (D:9)
  4 ogres
  A necrophage (D:7)
  A crocodile (D:11)
  2 big kobolds
  9 giant frogs
  A gnoll sergeant (D:9)
  3 scorpions
  21 killer bees
  26 wights
  2 howler monkeys
  5 crimson imps
  4 giant frog zombies
  5 hounds
  7 orc priests
  2 centaur skeletons
  A centaur zombie (D:6)
  A gnoll shaman (D:7)
  5 jellies
  2 iguanas
  A giant frog skeleton (D:10)
  Natasha (D:2)
  11 orc wizards
  9 worker ants
  2 killer bee zombies
  A worker ant zombie (D:5)
  11 gnolls
  A howler monkey skeleton (D:5)
  A river rat (D:11)
  5 adders
  A shadow imp (D:6)
  An ooze (D:3)
  An adder zombie (D:6)
  An adder skeleton (D:9)
  4 worms
  2 dart slugs
  5 giant geckos
  31 orcs
  5 ball pythons
  17 bats
  4 giant cockroaches
  5 goblins
  3 hobgoblins
  9 kobolds
  3 quokkas
  A giant cockroach zombie (D:5)
  11 giant newts
  22 rats
306 creatures vanquished.

Vanquished Creatures (collateral kills)
  Sonja (D:11)
1 creature vanquished.

Grand Total: 307 creatures vanquished

Notes
Turn   | Place    | Note
--------------------------------------------------------------
     0 | D:1      | nikopol the Minotaur Berserker began the quest for the Orb.
     0 | D:1      | Reached XP level 1. HP: 19/19 MP: 0/0
   517 | D:1      | Reached XP level 2. HP: 27/27 MP: 1/1
   980 | D:2      | Reached XP level 3. HP: 27/33 MP: 2/2
  1047 | D:2      | Reached ** piety under Trog
  1092 | D:2      | Found a faded altar to an unknown god.
  1226 | D:2      | Noticed Natasha
  1229 | D:2      | Killed Natasha
  1229 | D:2      | Reached XP level 4. HP: 20/40 MP: 3/3
  1370 | D:3      | Found a glowing silver altar of Zin.
  1444 | D:3      | Found a stormy altar of Qazlal.
  1613 | D:3      | Reached XP level 5. HP: 47/47 MP: 4/4
  2144 | D:4      | Reached skill level 5 in Fighting
  2177 | D:4      | Reached *** piety under Trog
  2201 | D:4      | Reached skill level 5 in Polearms
  2250 | D:4      | Reached XP level 6. HP: 29/56 MP: 5/5
  2675 | D:4      | Found Kieck's Book Boutique.
  3122 | D:4      | Found Ninia's Assorted Antiques.
  3337 | D:5      | Entered Level 5 of the Dungeon
  3360 | D:5      | Reached XP level 7. HP: 56/62 MP: 6/6
  3445 | D:5      | Got an encrusted mace
  3446 | D:5      | Identified the cursed +1 mace "Usopa" {drain, rC++} (You found it on level 5 of the Dungeon)
  3465 | D:5      | Reached skill level 5 in Armour
  3652 | D:5      | Found a sparkling altar of Nemelex Xobeh.
  3652 | D:5      | Noticed nikopol's ghost (novice MiBe)
  3666 | D:5      | Killed nikopol's ghost
  3666 | D:5      | Reached skill level 5 in Dodging
  3713 | D:5      | Found a blossoming altar of Fedhas.
  3783 | D:5      | Reached XP level 8. HP: 71/71 MP: 7/7
  4437 | D:6      | Reached **** piety under Trog
  4704 | D:6      | Found a staircase to the Ecumenical Temple.
  4934 | D:6      | Found a burning altar of Makhleb.
  5098 | D:7      | Reached XP level 9. HP: 64/80 MP: 8/8
  5373 | D:7      | Found a bloodstained altar of Trog.
  6074 | D:7      | Reached ***** piety under Trog
  6475 | D:8      | Reached XP level 10. HP: 69/90 MP: 9/9
  7027 | D:8      | Reached skill level 10 in Fighting
  7271 | D:8      | Received a gift from Trog
  7328 | D:9      | Reached skill level 10 in Polearms
  7858 | D:9      | Found a snail-covered altar of Cheibriados.
  7858 | D:9      | Found a shimmering altar of Xom.
  7858 | D:9      | Found a sacrificial altar of Ru.
  8012 | D:10     | Entered Level 10 of the Dungeon
  8409 | D:10     | Reached skill level 10 in Armour
  8627 | D:10     | Got a translucent arbalest
  8628 | D:10     | Identified the +7 arbalest of Huorr {velocity, Fragile rF+ rN++ Str+2} (You found it on level 10 of the Dungeon)
  8674 | D:10     | Reached XP level 11. HP: 83/100 MP: 10/10
  9034 | D:11     | Noticed Sonja
  9049 | D:11     | Killed Sonja
  9216 | D:11     | Noticed Snorg
  9224 | D:11     | Killed Snorg
  9224 | D:11     | Reached skill level 10 in Dodging
  9259 | D:11     | Received a gift from Trog
  9691 | D:11     | Found a staircase to the Lair.
  9759 | D:11     | Noticed a hill giant
  9772 | D:11     | Killed a hill giant
  9811 | D:11     | Found an opulent altar of Gozag.
 10230 | D:12     | Noticed tyranidshit's ghost (journeyman DDNe)
 10261 | D:12     | Slain by tyranidshit's ghost

Skill      XL: |  1  2  3  4  5  6  7  8  9 10 11 |
---------------+----------------------------------+-----
Polearms       | 4 5 6 8 9 10 11 | 11.5
Armour         | 3 4 5 7 8 10 | 10.8
Fighting       | 4 5 6 8 9 10 11 | 11.5
Dodging        | 3 4 5 6 8 9 10 | 10.4

Action                   |  1- 3 |  4- 6 |  7- 9 | 10-12 || total
-------------------------+-------+-------+-------+-------++-------
Melee: Spear             |    94 |   195 |   291 |   356 ||   936
       Headbutt          |    12 |    37 |    74 |   113 ||   236
       Halberd           |       |       |    95 |    70 ||   165
       Trident           |       |       |       |   118 ||   118
Invok: Berserk           |       |     1 |     4 |     3 ||     8
       Trog's Hand       |       |     1 |       |       ||     1
       Burn Spellbooks   |       |       |     2 |       ||     2
       Brothers in Arms  |       |       |       |     1 ||     1
  Use: Scroll            |       |       |     5 |       ||     5
  Eat: Chunk             |     1 |     8 |    17 |     8 ||    34
       Bread ration      |       |       |       |     1 ||     1
       Pizza             |       |       |       |     1 ||     1
Armor: Scale mail        |    13 |    53 |    89 |   104 ||   259
       Animal skin       |     1 |       |       |       ||     1
Dodge: Dodged            |    33 |    59 |   152 |   261 ||   505
